 Dungeon Crawl Stone Soup version 0.27.0-65-ge2af304b15 (webtiles) character file.

Game seed: 6872417406912440208

16785 Thatpatchoflichen the Fighter (level 12, -6/115 HPs)
             Began as a Minotaur Fighter on Aug 18, 2021.
             Was a Believer of the Shining One.
             Mangled by a five-headed hydra (7 damage)
             ... on level 2 of the Lair of Beasts.
             The game lasted 00:51:06 (17708 turns).

Thatpatchoflichen the Fighter (Minotaur Fighter)   Turns: 17708, Time: 00:51:06

Health: -6/115     AC: 20    Str: 22    XL:     12   Next: 13%
Magic:  15/15      EV: 10    Int:  5    God:    the Shining One [**....]
Gold:   718        SH: 13    Dex: 14    Spells: 11/11 levels left

rFire    . . .     SeeInvis .   M - +0 scimitar (flame)
rCold    + . .     Faith    .   c - +0 kite shield
rNeg     + + +     Spirit   .   Z - +2 plate armour {rN+}
rPois    .         Reflect  .   (helmet restricted)
rElec    .         Harm     .   (no cloak)
rCorr    +         Rampage  .   U - +1 pair of gloves "Damnable Contraption" {rN+}
Will     .....                  p - +0 pair of boots
Stlth    ..........             (no amulet)
HPRegen  0.29/turn              D - ring of resist corrosion
MPRegen  0.14/turn              j - ring of protection from cold

@: glowing
A: horns 2, retaliatory headbutt
a: Renounce Religion, Divine Shield


You were on level 2 of the Lair of Beasts.
You worshipped the Shining One.
The Shining One was pleased with you.
You visited 4 branches of the dungeon, and saw 17 of its levels.

You collected 808 gold pieces.
You spent 90 gold pieces at shops.

Inventory:

Hand Weapons
 a - a +0 war axe
 g - a +4 shortbow
 m - the +2 scimitar "Voguw" {vorpal, +Rage rN+}
   (You found it on level 3 of the Lair of Beasts)

   It inflicts extra damage upon your enemies.
   rN:        It protects you from negative energy.
   +Rage:     It lets you go berserk.
 x - a +0 shortbow
 I - a +2 whip of electrocution
 J - a +1 vorpal hand axe
 M - a +0 scimitar of flaming (weapon)
 S - a +0 short sword
 X - a +1 dagger of speed
Missiles
 h - a throwing net (quivered)
 t - 95 poisoned darts
 y - 276 arrows
 W - a curare-tipped dart
Armour
 c - a +0 kite shield (worn)
 p - a +0 pair of boots (worn)
 U - the +1 pair of gloves "Damnable Contraption" (worn) {rN+}
   (You found it on level 9 of the Dungeon)

   rN:        It protects you from negative energy.
 Z - a +2 plate armour of positive energy (worn)
Magical Staves
 s - a staff of cold
Jewellery
 j - a ring of protection from cold (right hand)
 D - a ring of resist corrosion (left hand)
Wands
 f - a wand of digging (3)
 z - a wand of paralysis (16)
 K - a wand of mindburst (12)
 L - a wand of acid (11)
 P - a wand of flame (61)
Scrolls
 b - 2 scrolls of amnesia {unknown}
 e - 3 scrolls of immolation
 k - a scroll of fog {unknown}
 l - a scroll of holy word {unknown}
 n - 4 scrolls of magic mapping
 o - 2 scrolls of vulnerability
 v - 3 scrolls of identify
 C - 2 scrolls of fear
 N - a scroll of summoning {unknown}
 V - 2 scrolls of teleportation {unknown}
Potions
 d - 2 potions of might
 i - 2 potions of ambrosia
 q - a potion of heal wounds
 r - a potion of invisibility {unknown}
 u - 7 potions of curing
 w - a potion of haste {unknown}
 A - 2 potions of resistance
 B - a potion of cancellation {unknown}
 E - 2 potions of brilliance
 F - a potion of degeneration {unknown}
 G - a potion of magic {unknown}
 H - 2 potions of flight
 Q - a potion of mutation {unknown}
 R - a potion of berserk rage
 T - 2 potions of lignification
 Y - a potion of attraction {unknown}


   Skills:
 - Level 13.2 Fighting
 - Level 2.4 Axes
 - Level 10.0 Armour
 - Level 10.0 Dodging
 + Level 12.2 Shields
 - Level 6.0 Invocations


You had 11 spell levels left.
You didn't know any spells.
Your spell library contained the following spells:

 Spells                   Type           Power      Damage    Failure   Level
 Animate Skeleton         Necr           0%         N/A       100%        1
 Apportation              Tloc           0%         N/A       100%        1
 Corona                   Hex            0%         N/A       100%        1
 Summon Small Mammal      Summ           0%         N/A       100%        1
 Static Discharge         Conj/Air       0%         N/A       100%        2
 Call Canine Familiar     Summ           0%         N/A       100%        3
 Portal Projectile        Hex/Tloc       0%         N/A       100%        3
 Leda's Liquefaction      Hex/Erth       0%         N/A       100%        4
 Alistair's Intoxication  Tmut/Pois      0%         N/A       100%        5
 Borgnjor's Vile Clutch   Necr/Erth      0%         N/A       100%        5
 Lightning Bolt           Conj/Air       0%         1d11      100%        5
 Eringya's Noxious Bog    Tmut/Pois      0%         N/A       100%        6
 Maxwell's Capacitive Co  Air            0%         ∞         100%        8


Dungeon Overview and Level Annotations

Branches:
Dungeon (12/15)            Temple (1/1) D:7            Lair (3/6) D:11
 Shoals (0/4) Lair:2       Spider (1/4) Lair:2          Orc (0/2) D:10

Altars:
Ashenzari
Cheibriados
Dithmenos
Elyvilon
Fedhas
Gozag
Hepliaklqana
Kikubaaqudgha
Makhleb
Nemelex Xobeh
Okawaru
Qazlal
Ru
Sif Muna
Trog
Uskayaw
Vehumet
Wu Jian
Xom
Yredelemnul
Zin
The Shining One
Beogh
Lugonu

Shops:
D:8 :

Annotations:
D:8 2 transporters, Krazlmac's ghost, novice TrBe


Innate Abilities, Weirdness & Mutations

You have a pair of horns on your head.
You reflexively headbutt those who attack you in melee.


Message History

The seven-headed hydra barely misses you.
You block the seven-headed hydra's attack.
The seven-headed hydra closely misses you.
The seven-headed hydra bites you.
* * * LOW HITPOINT WARNING * * *
The seven-headed hydra bites you!
* * * LOW HITPOINT WARNING * * *
The seven-headed hydra bites you but does no damage.
The seven-headed hydra closely misses you.
You feel much better.
The seven-headed hydra closely misses you.
You furiously retaliate!
You headbutt the seven-headed hydra!
The seven-headed hydra bites you. x3; The seven-headed hydra bites you!
* * * LOW HITPOINT WARNING * * *
The seven-headed hydra closely misses you.
The seven-headed hydra bites you!
* * * LOW HITPOINT WARNING * * *
You lop one of the seven-headed hydra's heads off!
The flame cauterises the wound!
You hit the six-headed hydra. You burn the six-headed hydra.
Your headbutt misses the six-headed hydra.
The six-headed hydra is heavily wounded.
The six-headed hydra barely misses you. You furiously retaliate!
You headbutt the six-headed hydra!
The six-headed hydra closely misses you.
The six-headed hydra bites you but does no damage. x2
You block the six-headed hydra's attack.
The six-headed hydra bites you.
* * * LOW HITPOINT WARNING * * *
You hack one of the six-headed hydra's heads off!
The flame cauterises the wound!
You slash the five-headed hydra! You burn the five-headed hydra.
The five-headed hydra is severely wounded.
The five-headed hydra bites you but does no damage. x2
The five-headed hydra bites you.
* * * LOW HITPOINT WARNING * * *
The five-headed hydra bites you!
* * * LOW HITPOINT WARNING * * *
The five-headed hydra bites you!
You die...

...(.........P.##P#
..................##
.................#.#
.................###
<...............#.#
#...............###
#P................#
#...............÷.####
...............D@....#
.....................###
..................###..#
...#..##..........######
...####............#
...######.........##
....##............##
..................P###
.....................###


You could see a five-headed hydra.

Vanquished Creatures
  A centaur warrior (D:11)
  2 two-headed ogres
  Erica (D:8)
  A merfolk siren (Lair:2)
  3 centaur zombies
  A black mamba (Lair:3)
  5 cane toads
  A rime drake (Lair:1)
  2 gargoyles
  Psyche (D:8)
  An unseen horror (D:11)
  5 komodo dragons
  A hornet (D:8)
  Prince Ribbit (D:6)
  Grinder (D:3)
  6 blink frogs
  A shadow (D:11)
  3 wyverns
  13 yaks
  A wraith (D:9)
  2 basilisks
  2 acid dragons (D:9)
  2 water moccasins
  8 orc warriors
  An ice beast (D:4)
  A sky beast (D:7)
  An ogre (D:5)
  2 black bears
  9 centaurs
  2 kobold brigands
  Blork the orc (D:5)
  10 bullfrogs
  A scorpion (D:7)
  A wyvern skeleton (D:3)
  An electric eel (Lair:1)
  A bullfrog zombie (D:5)
  2 hounds
  A centaur skeleton (D:5)
  A bullfrog skeleton (D:5)
  An orc priest (D:8)
  2 jellies
  5 iguanas
  2 gnoll shamans
  5 orc wizards
  2 scorpion zombies (D:5)
  A hound zombie (D:5)
  A howler monkey zombie (D:11)
  14 gnolls
  A howler monkey skeleton (D:7)
  4 adders
  A shadow imp (D:6)
  3 adder skeletons
  2 dart slugs
  39 orcs
  3 bats
  12 endoplasms
  9 goblins
  4 hobgoblins
  9 jackals
  21 kobolds
  2 quokkas
  4 ball pythons
  3 frilled lizards
  7 rats
  A bush (D:9)
258 creatures vanquished.

Vanquished Creatures (others)
  A demonic plant (Temple)
  14 fungi
  16 plants
31 creatures vanquished.

Grand Total: 289 creatures vanquished

Notes
Turn   | Place    | Note
-------+----------+-------------------------------------------
     0 | D:1      | Thatpatchoflichen the Minotaur Fighter began the quest for
                  | the Orb.
     0 | D:1      | Reached XP level 1. HP: 19/19 MP: 0/0
   133 | D:1      | Reached XP level 2. HP: 23/27 MP: 1/1
   311 | D:1      | Reached skill level 1 in Dodging
   470 | D:1      | Reached skill level 4 in Fighting
   616 | D:1      | Reached XP level 3. HP: 33/33 MP: 2/2
  1341 | D:2      | Reached XP level 4. HP: 20/41 MP: 3/3
  2601 | D:3      | Reached XP level 5. HP: 46/47 MP: 4/4
  2604 | D:3      | Found a shadowy altar of Dithmenos.
  2752 | D:3      | Found a faded altar of an unknown god.
  3004 | D:4      | Noticed Grinder
  3015 | D:3      | Killed Grinder
  3016 | D:3      | Reached skill level 5 in Fighting
  3016 | D:3      | Reached skill level 5 in Armour
  3016 | D:3      | Reached skill level 5 in Shields
  3016 | D:3      | Reached XP level 6. HP: 24/56 MP: 5/5
  3481 | D:4      | Noticed an ice beast
  3488 | D:4      | Killed an ice beast
  3598 | D:4      | Found Zin's Purification Station.
  3608 | D:4      | Found a glowing silver altar of Zin.
  3619 | D:4      | Bought a potion of curing for 90 gold pieces
  3744 | D:5      | Entered Level 5 of the Dungeon
  3757 | D:5      | Reached XP level 7. HP: 62/62 MP: 6/6
  3781 | D:5      | Noticed Blork the orc
  3800 | D:5      | Killed Blork the orc
  3801 | D:5      | Reached skill level 6 in Fighting
  4336 | D:5      | Found a glowing golden altar of the Shining One.
  4340 | D:5      | Became a worshipper of the Shining One
  4506 | D:5      | Reached skill level 5 in Dodging
  4636 | D:6      | Noticed Prince Ribbit
  4840 | D:6      | Killed Prince Ribbit
  4841 | D:6      | Reached skill level 7 in Fighting
  4841 | D:6      | Reached XP level 8. HP: 67/73 MP: 7/7
  5060 | D:6      | Found an opulent altar of Gozag.
  5417 | D:7      | Reached skill level 1 in Invocations
  5874 | D:7      | Found a staircase to the Ecumenical Temple.
  5889 | Temple   | Entered the Ecumenical Temple
  6141 | D:8      | Noticed a hornet
  6149 | D:8      | Noticed a queen bee
  6212 | D:7      | Reached skill level 8 in Fighting
  6531 | D:8      | Reached XP level 9. HP: 80/81 MP: 10/10
  6541 | D:8      | Noticed Erica
  6552 | D:8      | Killed Erica
  6612 | D:8      | Reached skill level 9 in Fighting
  6768 | D:8      | Noticed Krazlmac's ghost (novice TrBe)
  6768 | D:8      | Reached * piety under the Shining One
  6792 | D:8      | Found a transporter.
  6796 | D:8      | Found a transporter.
  6915 | D:8      | Reached skill level 5 in Invocations
  6916 | D:8      | Found a hazy altar of Hepliaklqana.
  7113 | D:8      | Paralysed by a hornet for 1 turns
  7301 | D:8      | Found Ygralok's Self-Improvement Boutique.
  7608 | D:8      | Noticed Psyche
  7614 | D:8      | Killed Psyche
  7615 | D:8      | Reached skill level 10 in Fighting
  7911 | D:8      | Reached XP level 10. HP: 40/94 MP: 13/13
  8462 | D:9      | Reached skill level 11 in Fighting
  8514 | D:9      | Identified the +1 pair of gloves "Damnable Contraption"
                  | {rN+}
  8835 | D:9      | Found a hide-covered altar of Uskayaw.
  9151 | D:9      | Found a radiant altar of Vehumet.
  9185 | D:9      | Found an ancient bone altar of Kikubaaqudgha.
  9185 | D:9      | Found an iron altar of Okawaru.
  9339 | D:9      | Found a stormy altar of Qazlal.
  9344 | D:9      | Found a broken altar of Ashenzari.
  9345 | D:9      | Found a snail-covered altar of Cheibriados.
  9513 | D:10     | Entered Level 10 of the Dungeon
  9596 | D:10     | Found a basalt altar of Yredelemnul.
  9604 | D:10     | Found a staircase to the Orcish Mines.
  9690 | D:10     | Noticed a gargoyle
  9709 | D:10     | HP: 4/96 [gargoyle/stone arrow (20)]
  9710 | D:10     | Killed a gargoyle
 10447 | D:10     | Noticed a two-headed ogre
 10582 | D:9      | Killed a two-headed ogre
 10848 | D:10     | Found a blossoming altar of Fedhas.
 10874 | D:10     | You fall into a shaft and drop 2 floors!
 11126 | D:12     | Noticed a boulder beetle
 11571 | D:11     | Noticed a centaur warrior
 11592 | D:12     | Reached skill level 10 in Armour
 11936 | D:11     | Killed a centaur warrior
 11937 | D:11     | Reached skill level 12 in Fighting
 12238 | D:11     | Noticed a gargoyle
 12264 | D:11     | Killed a gargoyle
 12265 | D:11     | Reached XP level 11. HP: 43/104 MP: 10/14
 12702 | D:11     | Noticed a two-headed ogre
 12714 | D:11     | Killed a two-headed ogre
 13009 | D:11     | Found a staircase to the Lair.
 13172 | Lair:1   | Entered Level 1 of the Lair of Beasts
 14108 | D:11     | Reached skill level 13 in Fighting
 14420 | Lair:1   | Found an ancient bone altar of Kikubaaqudgha.
 14613 | Lair:1   | Reached skill level 10 in Shields
 15622 | Lair:1   | Reached skill level 10 in Dodging
 16475 | Lair:2   | Found a hole to the Spider Nest.
 16485 | Spider:1 | Entered Level 1 of the Spider Nest
 16485 | Spider:1 | Noticed a wolf spider
 16657 | Lair:2   | Found a shimmering altar of Xom.
 17016 | Lair:2   | Found a staircase to the Shoals.
 17189 | Lair:2   | Reached XP level 12. HP: 95/115 MP: 15/15
 17236 | Lair:3   | Identified the +2 scimitar "Voguw" {vorpal, +Rage rN+}
 17325 | Lair:3   | Reached ** piety under the Shining One
 17662 | Lair:3   | Noticed a four-headed hydra
 17686 | Lair:3   | Noticed an eight-headed hydra
 17708 | Lair:2   | HP: 1/115 [five-headed hydra (8)]
 17708 | Lair:2   | Mangled by a five-headed hydra

Illustrated notes

Levels and vault maps discovered:
D:1:      elethiomel_arrival_maze, layout_basic, minmay_small_reverse_x
D:2:      layout_rooms, serial_co_window_serial, co_window_paths_a,
          co_window_corner_a, co_window_paths_a, co_window_of_opportunity_a,
          co_window_of_opportunity_a, co_window_unsneaky_path_e,
          co_window_unsneaky_path_a, co_window_paths_c, co_window_2corner
D:3:      layout_rooms, mainiacjoe_overflow_tiny_flanked,
          hellmonk_ecumenical_altar_prayer_group, nrook_mini_vaults
D:4:      layout_basic, zin_purify, uniq_grinder
D:5:      layout_basic, kennysheep_mini_moat, uniq_blork_the_orc
D:6:      layout_cave_pools, mainiacjoe_overflow_alcove_4,
          serial_park_tiny_pond, uniq_prince_ribbit1
D:7:      layout_loops_ring, minmay_temple_entry_hall
D:8:      layout_loops_corners, mainiacjoe_overflow_concentric_impassable,
          special_room [special_room_orc], gammafunk_ghost_hive,
          nicolae_shop_self_help, uniq_erica, uniq_psyche
D:9:      layout_long_grid, mainiacjoe_overflow_alcove_2,
          gammafunk_temple_overflow_forgotten, minitemple
D:10:     layout_loops_cross, fedhas_altar_4, general_overflow_altar,
          minivault_25
D:11:     layout_rooms, grunt_lair_entry_orc_guard_hut, gauntlet_entry_generic
D:12:     layout_grid_maze, portal_ice_cave_rime
Temple:   corrupted_temple
Lair:1:   layout_cave_pods, lemuel_centaur_altar, grunt_megastairs_4,
          infiniplex_staircase_pool
Lair:2:   layout_cave_shapes, minmay_shoals_entry_lonely_mermaid,
          dummy_spider_entry, basic_altar
Lair:3:   layout_misc_corridors
Spider:1: layout_chambers

Skill      XL: |  1  2  3  4  5  6  7  8  9 10 11 12 |
---------------+-------------------------------------+-----
Dodging        | 1 2 3 4 5 6 8 10 | 10.0
Shields        | 4 5 6 8 11 12 | 12.2
Armour         | 4 5 7 8 9 10 | 10.0
Fighting       | 4 5 7 8 10 12 13 | 13.2
Invocations    | 3 6 |  6.0
Axes           | |  2.4

Action                   |  1- 3 |  4- 6 |  7- 9 | 10-12 || total
-------------------------+-------+-------+-------+-------++-------
Melee: War axe           |    62 |    98 |    94 |       ||   254
       Headbutt          |     8 |    11 |    51 |   125 ||   195
       Whip              |       |       |   166 |   349 ||   515
       Scimitar          |       |       |       |   126 ||   126
  Use: Potion            |       |       |       |     2 ||     2
       Scroll            |       |       |       |    12 ||    12
Armor: Scale mail        |    33 |    48 |    44 |       ||   125
       Chain mail        |       |       |    48 |     7 ||    55
       Plate armour      |       |       |       |   295 ||   295
Dodge: Dodged            |    20 |    62 |   117 |   188 ||   387
Block: Kite shield       |    36 |    27 |    99 |   393 ||   555
       Buckler           |       |     8 |    22 |       ||    30
       Rpst.: Scimitar   |       |       |       |    10 ||    10
